 Dungeon Crawl Stone Soup version 0.20.0-15-g7f486f2 (webtiles) character file.

151 StormFighter the Slasher (level 5, -1/27 HPs)
             Began as a Vine Stalker Fighter on June 26, 2017.
             Slain by a gnoll
             ... wielding a +1 spear of venom
              (3 damage)
             ... on level 3 of the Dungeon.
             The game lasted 00:02:22 (1558 turns).

StormFighter the Slasher (Vine Stalker Fighter)     Turns: 1558, Time: 00:02:23

Health: -1/27      AC:  6    Str: 20    XL:     5   Next: 33%
Magic:  0/6        EV:  7    Int:  8    God:
Gold:   118        SH:  9    Dex: 13    Spells: 4/4 levels left

rFire    + . .     SeeInvis .   a - +0 long sword
rCold    + . .     Gourm    .   c - +0 shield
rNeg     . . .     Faith    .   b - +0 scale mail
rPois    .         Spirit   +   (no helmet)
rElec    .         Reflect  .   o - scarf {rC+ rF+}
rCorr    .         Harm     .   (no gloves)
MR       .....                  (no boots)
Stlth    ..........             (no amulet)
Regen    0.5/turn               (no ring)
MPRegen  0.1/turn               (no ring)

@: no status effects
A: fangs 2, regeneration 1, magic shield, antimagic bite, no potion heal 3, rot
immunity
a: no special abilities


You were on level 3 of the Dungeon.
You were not hungry.

You visited 1 branch of the dungeon, and saw 3 of its levels.

You collected 118 gold pieces.

Inventory:

Hand Weapons
 a - a +0 long sword (weapon)
Armour
 b - a +0 scale mail (worn)
 c - a +0 shield (worn)
 o - a scarf of resistance (worn)
Jewellery
 p - an uncursed ring of wizardry {unknown}
Scrolls
 e - 2 scrolls of remove curse {unknown}
 g - 2 scrolls of noise {unknown}
 h - 2 scrolls of amnesia {unknown}
 i - 2 scrolls of blinking {unknown}
 j - 2 scrolls of enchant armour {unknown}
 k - a scroll of teleportation {unknown}
 l - a scroll of random uselessness {unknown}
 t - a scroll of magic mapping {unknown}
Potions
 d - a potion of might
 m - a potion of mutation {unknown}
 n - a potion of lignification {unknown}
 s - a potion of agility {unknown}
Comestibles
 f - 3 bread rations
 r - 3 chunks of flesh


   Skills:
 - Level 2.6 Fighting
 + Level 4.8 Long Blades
 - Level 2.4 Armour
 - Level 2.6 Shields


You had 4 spell levels left.
You didn't know any spells.

Dungeon Overview and Level Annotations

Branches:
Dungeon (3/15)

Altars:


Innate Abilities, Weirdness & Mutations

You have extremely sharp teeth.
Your natural rate of healing is unusually fast.
When hurt, damage is shared between your health and your magic reserves.
Your bite disrupts and absorbs the magic of your enemies.
Potions cannot restore your health.
You are immune to rotting.


Message History

You feel sick.
The gnoll hits you with a spear of venom!
* * * LOW HITPOINT WARNING * * *
You are lethally poisoned!
The gnoll completely misses you.
You riposte.
Your shield and scale mail prevent you from hitting the gnoll.
Your bite misses the gnoll. You hit the gnoll but do no damage.
Your bite misses the gnoll.
The gnoll is heavily wounded.
* * * LOW HITPOINT WARNING * * *
You feel sick. You block the gnoll's attack.
The gnoll hits you with a spear of venom!
* * * LOW HITPOINT WARNING * * *
You are more poisoned.
You block the gnoll's attack. The gnoll hits you but does no damage.
It was a potion of curing.
Your system rejects the healing.
You feel better. You block the gnoll's attack. x2
Okay, then.
The gnoll hits you from afar with a spear of venom.
You die...

#.# ###.#......#
....[####.#..##..#
#.............##..#
......####.##..##.#
..###........#....#
..# #####.##.######
#.##.# ..
..##.###### ...
#####.@.gg.#....
####g....... ..
###.....###
#...####...###).#
#.....(.......#
...###....######
#r...# #.##.....
.........


You could see 3 gnolls.

Vanquished Creatures
  An orc wizard (D:3)
  An orc priest (D:3)
  2 adders
  An ooze (D:2)
  5 worms
  5 dart slugs
  2 leopard geckos (D:2)
  2 orcs (D:2)
  A giant cockroach (D:1)
  5 hobgoblins
  2 jackals (D:2)
  A ball python (D:2)
  6 bats
  A frilled lizard (D:1)
  4 goblins
  7 kobolds
  3 rats
49 creatures vanquished.

Notes
Turn   | Place    | Note
-------+----------+-------------------------------------------
     0 | D:1      | StormFighter the Vine Stalker Fighter began the quest for the Orb.
     0 | D:1      | Reached XP level 1. HP: 11/11 MP: 2/2
    45 | D:1      | Reached skill level 2 in Long Blades
   127 | D:1      | Reached XP level 2. HP: 15/16 MP: 3/3
   789 | D:2      | Reached skill level 3 in Long Blades
   823 | D:2      | Reached XP level 3. HP: 19/19 MP: 4/4
  1148 | D:2      | Gained mutation: Your natural rate of healing is unusually fast. [Vine Stalker growth]
  1148 | D:2      | Reached XP level 4. HP: 15/23 MP: 5/5
  1420 | D:2      | Reached skill level 4 in Long Blades
  1458 | D:3      | Reached XP level 5. HP: 27/27 MP: 6/6
  1556 | D:3      | HP: 1/27 [gnoll/spear of venom (5)]
  1558 | D:3      | Slain by a gnoll

Skill      XL: |  1  2  3  4 |
---------------+-------------+-----
Long Blades    | 2 3 4 |  4.8
Fighting       | |  2.6
Armour         | |  2.4
Shields        | |  2.6

Action                   |  1- 3 |  4- 6 || total
-------------------------+-------+-------++-------
Melee: Long sword        |    83 |    50 ||   133
       Bite              |    23 |    16 ||    39
  Use: Potion            |       |     1 ||     1
  Eat: Chunk             |     1 |     1 ||     2
Armor: Scale mail        |    36 |    25 ||    61
Dodge: Dodged            |    21 |    15 ||    36
Block: Shield            |    36 |    32 ||    68
       Rpst.: Long sword |     8 |     6 ||    14
